[Event "IM Marmaris Karia IX 2019"]
[Site "Marmaris"]
[Date "2019.08.24"]
[Round "6.4"]
[White "Guseynov, Alihan"]
[Black "Oney, Feridun"]
[Result "1-0"]
[ECO "D93"]
[WhiteElo "2314"]
[BlackElo "2054"]
[Annotator "NA"]
[PlyCount "47"]
[EventDate "2019.08.24"]
[EventType "schev"]
[EventCountry "TUR"]
[SourceTitle "playchess.com"]
[Source "ChessBase"]
[SourceQuality "1"]
[TimeControl "5400+30"]

1. d4 Nf6 2. c4 g6 3. Nc3 d5 4. Nf3 Bg7 5. Bf4 O-O 6. e3 c5 7. dxc5 Qa5 8. Rc1 dxc4 9. Bxc4 Qxc5 $11 10. Bb3 Nc6 11. O-O Qh5 12. h3 h6 13. Bg3 Bf5 14. Ne5 Nxe5 15. Bxe5 Bg4 16. Qd4 Rad8 17. Qf4 g5 18. Qg3 Bc8 19. Bxf6 Bxf6 20. Nd5 Bxb2 21. Nxe7+ Kh8 22. Rc7 g4 23. Nxc8 Be5 24. Rc5 1-0

[Event "IM Marmaris Karia IX 2019"]
[Site "Marmaris"]
[Date "2019.08.24"]
[Round "6.5"]
[White "Datuashvili, Nona"]
[Black "Kirilmaz, Emre"]
[Result "0-1"]
[ECO "D02"]
[WhiteElo "2083"]
[BlackElo "2044"]
[Annotator "NA"]
[PlyCount "92"]
[EventDate "2019.08.24"]
[EventType "schev"]
[EventCountry "TUR"]
[SourceTitle "playchess.com"]
[Source "ChessBase"]
[SourceQuality "1"]
[TimeControl "5400+30"]

1. d4 d5 2. Nf3 Nf6 3. Bf4 c5 4. c3 cxd4 5. Nxd4 a6 6. e3 e6 7. Bd3 Bd6 8. Bg5 Nbd7 9. Bc2 Bb8 10. Nd2 h6 11. Bh4 e5 12. Nf5 g6 13. Bxf6 Nxf6 14. Ng3 Bg4 15. Qb1 Kf8 16. Bb3 h5 17. Qd3 Kg7 18. f3 e4 19. Qc2 exf3 20. gxf3 Bxg3+ 21. hxg3 Bf5 22. Qd1 Bd3 23. Kf2 Qb6 24. Rh4 Rae8 25. Rd4 Bb5 26. Nf1 Bxf1 27. Qxf1 Re5 28. Qd3 Rhe8 29. Re1 Qe6 30. Rh4 Rf5 31. Kg2 g5 32. Bc2 Rxf3 33. Rxh5 Qg4 34. Rxg5+ Qxg5 35. Kxf3 Qh5+ 36. Kg2 Rh8 37. Qf5 Qh2+ 38. Kf1 Rh5 39. Qd3 Kg8 40. e4 dxe4 41. Qd8+ Kg7 42. Bxe4 Nxe4 43. Qd4+ Nf6 44. Re7 Qh1+ 45. Ke2 Rh2+ 46. Kd3 Qf1+ 0-1

[Event "IM Marmaris Karia IX 2019"]
[Site "Marmaris"]
[Date "2019.08.25"]
[Round "7.4"]
[White "Oney, Feridun"]
[Black "Datuashvili, Nona"]
[Result "1/2-1/2"]
[ECO "D35"]
[WhiteElo "2054"]
[BlackElo "2083"]
[Annotator "NA RC"]
[PlyCount "61"]
[EventDate "2019.08.24"]
[EventType "schev"]
[EventCountry "TUR"]
[SourceTitle "playchess.com"]
[Source "ChessBase"]
[SourceQuality "1"]
[TimeControl "5400+30"]

1. d4 d5 2. c4 e6 3. Nc3 c6 4. cxd5 exd5 5. Bf4 Nf6 6. Nf3 Bd6 7. Bxd6 Qxd6 8. e3 O-O 9. Be2 Bf5 10. O-O Nbd7 11. Rc1 Rfe8 12. Bd3 Bxd3 13. Qxd3 Ne4 14. Nd2 Nxd2 15. Qxd2 Nf6 16. Qc2 h6 17. Qb3 Re7 18. h3 Ne4 19. Nxe4 dxe4 20. Qc3 Qd5 21. Qc4 Qxc4 22. Rxc4 Rd8 23. Rfc1 Rd5 24. Rc5 Rxc5 25. Rxc5 g6 26. Kf1 h5 27. h4 f5 28. g3 Kf7 29. Ke2 Kf6 30. Kd2 a6 31. Ke2 1/2-1/2

[Event "IM Marmaris Karia IX 2019"]
[Site "Marmaris"]
[Date "2019.08.25"]
[Round "8.1"]
[White "Papenin, Nikolai"]
[Black "Tanriverdi, Enes"]
[Result "0-1"]
[ECO "D01"]
[WhiteElo "2319"]
[BlackElo "2355"]
[Annotator "NA RC"]
[PlyCount "54"]
[EventDate "2019.08.24"]
[EventType "schev"]
[EventCountry "TUR"]
[SourceTitle "playchess.com"]
[Source "ChessBase"]
[SourceQuality "1"]
[TimeControl "5400+30"]

1. d4 Nf6 2. Nc3 d5 3. Bg5 c6 4. Nf3 Ne4 5. Nxe4 dxe4 6. Ng1 Qb6 7. Bc1 e5 8. e3 Be6 9. Ne2 (9. f3 $11 {remains equal.}) 9... Nd7 10. Nc3 $17 {[%emt 0:00:30] [#]} f5 $1 11. Be2 Rd8 12. g4 Nf6 13. gxf5 Bxf5 14. Bd2 exd4 15. exd4 Rxd4 16. Qc1 Bc5 17. Be3 O-O 18. Rg1 Rd7 19. Bxc5 Qxc5 20. Qe3 Qb4 21. Rb1 Nd5 22. Qd2 e3 23. fxe3 Qh4+ 24. Rg3 Nb4 25. Bd3 Bxd3 26. cxd3 Nxd3+ 27. Kd1 Nf2+ 0-1

[Event "IM Marmaris Karia IX 2019"]
[Site "Marmaris"]
[Date "2019.08.25"]
[Round "8.3"]
[White "Datuashvili, Nona"]
[Black "Kizilkus, Akin"]
[Result "0-1"]
[ECO "C01"]
[WhiteElo "2083"]
[BlackElo "2135"]
[Annotator "ChessBase"]
[PlyCount "22"]
[EventDate "2019.08.24"]
[EventType "schev"]
[EventCountry "TUR"]
[SourceTitle "playchess.com"]
[Source "ChessBase"]
[SourceQuality "1"]
[TimeControl "5400+30"]

1. e4 e6 2. d4 d5 3. exd5 exd5 4. c4 Nf6 5. Nc3 Bb4 6. Nf3 O-O 7. Be2 dxc4 8. Bxc4 Nc6 9. h3 Re8+ 10. Be2 Ne4 11. O-O Bxc3 0-1

[Event "IM Marmaris Karia IX 2019"]
[Site "Marmaris"]
[Date "2019.08.25"]
[Round "8.4"]
[White "Benidze, Davit"]
[Black "Oney, Feridun"]
[Result "1-0"]
[ECO "A44"]
[WhiteElo "2440"]
[BlackElo "2054"]
[Annotator "NA"]
[PlyCount "55"]
[EventDate "2019.08.24"]
[EventType "schev"]
[EventCountry "TUR"]
[SourceTitle "playchess.com"]
[Source "ChessBase"]
[SourceQuality "1"]
[TimeControl "5400+30"]

1. d4 c5 2. d5 e5 3. Nc3 d6 4. e4 Be7 5. Nf3 Bg4 6. h3 Bxf3 7. Qxf3 Bg5 8. Bxg5 Qxg5 9. Nb5 Qd8 10. Qg4 Kf8 $16 11. Nxd6 Nf6 12. Qc8 Qxc8 13. Nxc8 Nxe4 14. Bd3 Na6 15. Bxe4 Rxc8 16. d6 Rb8 17. O-O-O g6 18. Rhe1 f6 19. f4 exf4 20. Bxb7 Rxb7 21. d7 Kf7 22. d8=Q Rxd8 23. Rxd8 Rc7 24. a3 c4 25. Re4 g5 26. Rdd4 c3 27. b4 f5 28. Re5 1-0

[Event "IM Marmaris Karia IX 2019"]
[Site "Marmaris"]
[Date "2019.08.25"]
[Round "8.5"]
[White "Annageldyev, Orazly"]
[Black "Kirilmaz, Emre"]
[Result "1/2-1/2"]
[ECO "B04"]
[WhiteElo "2342"]
[BlackElo "2044"]
[Annotator "NA"]
[PlyCount "74"]
[EventDate "2019.08.24"]
[EventType "schev"]
[EventCountry "TUR"]
[SourceTitle "playchess.com"]
[Source "ChessBase"]
[SourceQuality "1"]
[TimeControl "5400+30"]

1. e4 Nf6 2. e5 Nd5 3. d4 d6 4. Nf3 Nb6 5. h3 g6 6. Be2 dxe5 7. Nxe5 N8d7 8. Bf4 Bg7 9. Nf3 $11 c5 10. dxc5 Na4 11. c3 Naxc5 12. Na3 O-O 13. Nc4 b5 14. Nce5 Nxe5 15. Bxe5 Bb7 16. Bxg7 Kxg7 17. O-O Bxf3 18. Bxf3 Qxd1 19. Rfxd1 Rad8 20. Be2 a6 21. Rxd8 Rxd8 22. b4 Rd2 23. Bf1 Nd3 24. a4 bxa4 25. Rxa4 Rd1 26. g3 Rc1 27. c4 Ne5 28. Kg2 Nxc4 29. Rxa6 Nd6 30. b5 Rb1 31. Rb6 Kf6 32. g4 Ke5 33. Rb8 Rb2 34. Rh8 Ne4 35. Rxh7 Rxf2+ 36. Kg1 Rf6 37. h4 g5 1/2-1/2